[ AOE2 MATCH · #478746491 ]
Team RMByzantines vs Franks
[ REPLAY ANALYSIS · EXTRACTED FROM THE RECORDED GAME ]
Feudal
—
Castle
—
Imperial
—
| APM avg | 14.3 |
| APM peak | 49 |
| eAPM avg | 9.7 |
| Villagers / military | 119 / 96 |
Focus
⚔️ 29.4% · 🌾 70.6%
Spearman ×47 · Trade Cart ×23 · Cataphract ×22 · Trebuchet (Packed) ×13 · Monk ×8 · Knight ×6
Feudal
18:12
Castle
26:40
Imperial
36:52
| APM avg | 13.6 |
| APM peak | 40 |
| eAPM avg | 9.1 |
| Villagers / military | 122 / 100 |
Focus
⚔️ 31.4% · 🌾 68.6%
Knight ×53 · Spearman ×19 · Throwing Axeman ×16 · Monk ×7 · Trebuchet (Packed) ×3 · Militia ×2
Feudal
20:29
Castle
31:50
Imperial
46:34
| APM avg | 16.2 |
| APM peak | 41 |
| eAPM avg | 12.9 |
| Villagers / military | 140 / 100 |
Focus
⚔️ 15.6% · 🌾 84.4%
Spearman ×44 · Militia ×36 · Longbowman ×20 · Trade Cart ×16
Feudal
18:00
Castle
50:43
Imperial
—
| APM avg | 16.3 |
| APM peak | 86 |
| eAPM avg | 4.8 |
| Villagers / military | 54 / 11 |
Focus
⚔️ 12.4% · 🌾 87.6%
Fire Lancer ×11
Feudal
13:24
Castle
23:33
Imperial
—
| APM avg | 24.1 |
| APM peak | 83 |
| eAPM avg | 14.8 |
| Villagers / military | 100 / 42 |
Focus
⚔️ 12.2% · 🌾 87.8%
Knight ×42
Feudal
12:54
Castle
20:56
Imperial
35:46
| APM avg | 14.2 |
| APM peak | 37 |
| eAPM avg | 9.3 |
| Villagers / military | 79 / 96 |
Focus
⚔️ 31.5% · 🌾 68.5%
Hand Cannoneer ×40 · Spearman ×28 · Ghulam ×17 · Scout Cavalry ×3 · Armored Elephant ×3 · Trebuchet (Packed) ×3
Match map
Resources at game start + every placement click. Thick line = wall · dashed box = detected house wall. 🟡 gold · ⚪ stone · 🟢 berries · 🔶 boar · ⭕ relic
Inputs per minute
— frizboum - - zw701
Build order — frizboum
First 150 of 370 actions detected
| 1:47 | Build | Town Center |
| 3:09 | Build | House |
| 3:11 | Build | House |
| 3:30 | Build | House |
| 3:44 | Create | Villager (Male) |
| 3:45 | Create | Villager (Male) |
| 3:45 | Create | Villager (Male) |
| 3:45 | Create | Villager (Male) |
| 3:46 | Create | Villager (Male) |
| 3:50 | Research | Loom |
| 4:19 | Build | House |
| 4:48 | Create | Villager (Male) |
| 4:49 | Research | Loom |
| 5:18 | Build | Lumber Camp |
| 5:47 | Create | Villager (Male) |
| 5:57 | Create | Villager (Male) |
| 5:57 | Create | Villager (Male) |
| 6:28 | Create | Villager (Male) |
| 6:29 | Create | Villager (Male) |
| 6:44 | Create | Villager (Male) |
| 6:44 | Create | Villager (Male) |
| 7:55 | Create | Villager (Male) |
| 7:55 | Create | Villager (Male) |
| 8:16 | Create | Villager (Male) |
| 8:16 | Create | Villager (Male) |
| 8:17 | Create | Villager (Male) |
| 8:17 | Create | Villager (Male) |
| 8:22 | Create | Villager (Male) |
| 8:56 | Build | Mill |
| 9:05 | Create | Villager (Male) |
| 9:05 | Create | Villager (Male) |
| 9:31 | Create | Villager (Male) |
| 10:07 | Build | Mill |
| 10:15 | Create | Villager (Male) |
| 10:16 | Create | Villager (Male) |
| 10:28 | Create | Villager (Male) |
| 10:31 | Create | Villager (Male) |
| 10:56 | Build | House |
| 10:58 | Build | House |
| 11:10 | Build | House |
| 11:24 | Create | Villager (Male) |
| 11:24 | Create | Villager (Male) |
| 11:31 | Build | House |
| 12:28 | Research | Feudal Age |
| 12:44 | Build | Mining Camp |
| 12:50 | Create | Villager (Male) |
| 12:50 | Create | Villager (Male) |
| 13:45 | Create | Villager (Male) |
| 13:45 | Create | Villager (Male) |
| 14:06 | Build | Mill |
| 14:22 | Create | Villager (Male) |
| 14:42 | Research | Double-Bit Axe |
| 14:46 | Create | Villager (Male) |
| 14:50 | Research | Gold Mining |
| 15:28 | Build | Blacksmith |
| 15:33 | Create | Villager (Male) |
| 15:55 | Research | Wheelbarrow |
| 16:43 | Build | Mining Camp |
| 17:17 | Build | Market |
| 17:20 | Create | Villager (Male) |
| 17:20 | Create | Villager (Male) |
| 18:27 | Build | Stone Wall |
| 18:33 | Build | Stone Wall |
| 19:05 | Build | Barracks |
| 19:09 | Create | Villager (Male) |
| 20:15 | Research | Castle Age |
| 20:30 | Build | Mill |
| 20:42 | Build | Stable |
| 20:52 | Build | Mining Camp |
| 20:54 | Create | Villager (Male) |
| 20:54 | Create | Villager (Male) |
| 20:54 | Create | Villager (Male) |
| 21:36 | Build | Stable |
| 21:39 | Create | Villager (Male) |
| 21:40 | Create | Villager (Male) |
| 21:46 | Build | House |
| 21:47 | Build | House |
| 21:48 | Build | House |
| 21:50 | Build | House |
| 21:52 | Build | House |
| 21:53 | Build | House |
| 22:08 | Build | Stone Wall |
| 22:20 | Research | Scale Barding Armor |
| 23:13 | Build | Town Center |
| 23:20 | Create | Villager (Male) |
| 23:38 | Create | Villager (Male) |
| 23:57 | Research | Gold Shaft Mining |
| 24:01 | Create | Villager (Male) |
| 25:25 | Create | Villager (Male) |
| 25:25 | Create | Villager (Male) |
| 25:25 | Create | Villager (Male) |
| 26:03 | Create | Knight |
| 26:03 | Create | Knight |
| 26:03 | Create | Knight |
| 26:40 | Create | Villager (Male) |
| 26:41 | Create | Villager (Male) |
| 26:41 | Create | Villager (Male) |
| 26:41 | Create | Villager (Male) |
| 26:41 | Create | Villager (Male) |
| 27:18 | Create | Knight |
| 27:18 | Create | Knight |
| 27:18 | Create | Knight |
| 28:06 | Create | Villager (Male) |
| 28:06 | Create | Villager (Male) |
| 28:06 | Create | Villager (Male) |
| 28:07 | Create | Villager (Male) |
| 28:15 | Create | Villager (Male) |
| 28:16 | Create | Villager (Male) |
| 29:09 | Build | Castle |
| 29:16 | Build | House |
| 29:28 | Create | Villager (Male) |
| 29:28 | Create | Villager (Male) |
| 29:28 | Create | Villager (Male) |
| 29:29 | Create | Villager (Male) |
| 29:51 | Build | House |
| 30:07 | Create | Villager (Male) |
| 30:07 | Create | Villager (Male) |
| 30:16 | Create | Villager (Male) |
| 30:17 | Create | Villager (Male) |
| 30:17 | Create | Villager (Male) |
| 30:48 | Research | Hand Cart |
| 31:05 | Research | Horse Collar |
| 31:22 | Create | Villager (Male) |
| 31:22 | Create | Villager (Male) |
| 31:35 | Build | Mill |
| 31:48 | Build | Mill |
| 31:55 | Create | Villager (Male) |
| 32:00 | Build | University |
| 32:01 | Create | Villager (Male) |
| 32:02 | Create | Villager (Male) |
| 32:24 | Create | Villager (Male) |
| 32:25 | Create | Villager (Male) |
| 32:25 | Create | Villager (Male) |
| 32:25 | Create | Villager (Male) |
| 32:29 | Research | Bow Saw |
| 32:34 | Research | Heavy Plow |
| 33:48 | Build | Mill |
| 33:54 | Create | Villager (Male) |
| 33:54 | Create | Villager (Male) |
| 33:56 | Create | Villager (Male) |
| 33:56 | Create | Villager (Male) |
| 34:00 | Research | Forging |
| 34:11 | Build | Monastery |
| 34:24 | Create | Trade Cart |
| 34:24 | Create | Trade Cart |
| 34:25 | Create | Trade Cart |
| 34:25 | Create | Trade Cart |
| 34:25 | Create | Trade Cart |
| 34:26 | Create | Trade Cart |
| 35:15 | Create | Villager (Male) |
Build order — zw701
First 150 of 327 actions detected
| 0:17 | Build | House |
| 1:41 | Build | House |
| 3:47 | Build | Town Center |
| 4:05 | Build | Mill |
| 4:31 | Build | House |
| 4:33 | Build | House |
| 4:37 | Build | House |
| 6:20 | Create | Villager (Male) |
| 6:20 | Create | Villager (Male) |
| 6:20 | Create | Villager (Male) |
| 6:20 | Create | Villager (Male) |
| 6:21 | Create | Villager (Male) |
| 6:21 | Create | Villager (Male) |
| 7:33 | Create | Villager (Male) |
| 7:34 | Create | Villager (Male) |
| 7:34 | Create | Villager (Male) |
| 7:34 | Create | Villager (Male) |
| 8:44 | Create | Villager (Male) |
| 8:44 | Create | Villager (Male) |
| 8:44 | Create | Villager (Male) |
| 8:58 | Build | House |
| 9:38 | Create | Villager (Male) |
| 9:39 | Create | Villager (Male) |
| 9:39 | Create | Villager (Male) |
| 9:39 | Create | Villager (Male) |
| 9:53 | Research | Loom |
| 10:17 | Create | Villager (Male) |
| 10:18 | Create | Villager (Male) |
| 10:48 | Create | Villager (Male) |
| 10:48 | Create | Villager (Male) |
| 10:48 | Create | Villager (Male) |
| 11:47 | Build | Mining Camp |
| 11:52 | Create | Villager (Male) |
| 11:52 | Create | Villager (Male) |
| 11:52 | Create | Villager (Male) |
| 12:19 | Create | Villager (Male) |
| 12:19 | Create | Villager (Male) |
| 12:26 | Build | Lumber Camp |
| 12:48 | Create | Villager (Male) |
| 12:48 | Create | Villager (Male) |
| 13:28 | Build | Barracks |
| 13:33 | Create | Villager (Male) |
| 14:00 | Create | Villager (Male) |
| 14:37 | Build | House |
| 15:21 | Create | Militia |
| 15:21 | Create | Militia |
| 16:02 | Research | Feudal Age |
| 17:48 | Create | Villager (Male) |
| 17:48 | Create | Villager (Male) |
| 18:12 | Age | Feudal Age |
| 18:14 | Create | Villager (Male) |
| 18:14 | Create | Villager (Male) |
| 18:25 | Build | Stable |
| 18:34 | Build | Market |
| 18:39 | Create | Villager (Male) |
| 18:40 | Create | Villager (Male) |
| 19:18 | Create | Villager (Male) |
| 19:18 | Create | Villager (Male) |
| 19:35 | Build | Blacksmith |
| 19:40 | Build | House |
| 19:43 | Build | House |
| 21:19 | Build | House |
| 21:23 | Build | House |
| 21:25 | Build | House |
| 21:35 | Create | Villager (Male) |
| 21:36 | Create | Villager (Male) |
| 22:11 | Build | Mill |
| 23:05 | Create | Spearman |
| 23:50 | Build | Farm |
| 23:51 | Build | Farm |
| 23:54 | Build | Farm |
| 23:56 | Build | Farm |
| 24:00 | Research | Castle Age |
| 24:21 | Build | House |
| 24:23 | Build | House |
| 24:25 | Build | House |
| 24:28 | Build | House |
| 24:30 | Build | House |
| 24:32 | Build | House |
| 24:35 | Build | House |
| 24:37 | Build | House |
| 24:43 | Build | House |
| 25:09 | Build | Mill |
| 25:17 | Research | Double-Bit Axe |
| 25:24 | Research | Stone Mining |
| 25:25 | Research | Gold Mining |
| 26:18 | Create | Villager (Male) |
| 26:18 | Create | Villager (Male) |
| 26:40 | Age | Castle Age |
| 27:02 | Build | Mill |
| 27:16 | Build | Town Center |
| 27:25 | Create | Villager (Male) |
| 27:25 | Create | Villager (Male) |
| 27:43 | Build | Stable |
| 27:45 | Build | Stable |
| 28:10 | Create | Villager (Male) |
| 28:10 | Create | Villager (Male) |
| 28:10 | Create | Villager (Male) |
| 28:44 | Build | House |
| 28:46 | Build | House |
| 29:07 | Build | Monastery |
| 29:15 | Build | University |
| 29:36 | Create | Villager (Male) |
| 29:36 | Create | Villager (Male) |
| 29:36 | Create | Villager (Male) |
| 29:43 | Build | Farm |
| 29:44 | Build | Farm |
| 29:45 | Build | Farm |
| 29:49 | Build | Farm |
| 29:52 | Create | Villager (Male) |
| 29:52 | Create | Villager (Male) |
| 29:54 | Create | Villager (Male) |
| 29:54 | Create | Villager (Male) |
| 29:54 | Create | Villager (Male) |
| 29:54 | Create | Villager (Male) |
| 29:55 | Create | Villager (Male) |
| 29:55 | Create | Villager (Male) |
| 30:05 | Build | Farm |
| 30:07 | Build | Farm |
| 30:08 | Build | Farm |
| 30:09 | Build | Farm |
| 30:11 | Build | Farm |
| 30:30 | Create | Villager (Male) |
| 30:34 | Create | Villager (Male) |
| 30:34 | Create | Villager (Male) |
| 32:02 | Build | Town Center |
| 32:31 | Build | Farm |
| 32:37 | Build | Farm |
| 32:46 | Create | Villager (Male) |
| 32:46 | Create | Villager (Male) |
| 32:50 | Create | Villager (Male) |
| 32:50 | Create | Villager (Male) |
| 33:01 | Create | Monk |
| 33:14 | Research | Bow Saw |
| 33:42 | Research | Imperial Age |
| 33:52 | Create | Villager (Male) |
| 33:52 | Create | Villager (Male) |
| 33:52 | Create | Villager (Male) |
| 34:05 | Create | Knight |
| 34:05 | Create | Knight |
| 34:08 | Create | Spearman |
| 34:09 | Create | Spearman |
| 34:09 | Create | Spearman |
| 34:09 | Create | Spearman |
| 34:12 | Create | Spearman |
| 34:12 | Create | Spearman |
| 34:12 | Create | Spearman |
| 34:49 | Create | Knight |
| 34:49 | Create | Knight |
| 34:50 | Create | Knight |
Build order — Téton Man
First 150 of 386 actions detected
| 0:57 | Build | Town Center |
| 2:55 | Create | Villager (Male) |
| 2:56 | Create | Villager (Male) |
| 2:56 | Create | Villager (Male) |
| 2:56 | Create | Villager (Male) |
| 2:57 | Create | Villager (Male) |
| 3:00 | Build | House |
| 3:10 | Build | House |
| 4:12 | Create | Villager (Male) |
| 4:42 | Build | Mill |
| 4:54 | Create | Villager (Male) |
| 5:02 | Create | Villager (Male) |
| 5:56 | Research | Loom |
| 6:09 | Create | Villager (Male) |
| 6:27 | Create | Villager (Male) |
| 6:48 | Create | Villager (Male) |
| 7:06 | Build | House |
| 7:11 | Create | Villager (Male) |
| 7:34 | Create | Villager (Male) |
| 7:51 | Build | Lumber Camp |
| 7:59 | Create | Villager (Male) |
| 8:33 | Create | Villager (Male) |
| 8:46 | Create | Villager (Male) |
| 9:30 | Create | Villager (Male) |
| 9:39 | Build | Barracks |
| 10:25 | Create | Villager (Male) |
| 10:33 | Build | House |
| 10:35 | Build | House |
| 10:45 | Create | Villager (Male) |
| 11:20 | Build | House |
| 11:21 | Build | House |
| 11:27 | Create | Villager (Male) |
| 11:40 | Create | Militia |
| 11:41 | Create | Militia |
| 11:43 | Create | Militia |
| 11:46 | Create | Villager (Male) |
| 11:47 | Create | Villager (Male) |
| 12:04 | Build | Lumber Camp |
| 12:28 | Create | Villager (Male) |
| 12:40 | Create | Militia |
| 12:40 | Create | Militia |
| 14:06 | Create | Villager (Male) |
| 14:10 | Build | Farm |
| 14:18 | Create | Villager (Male) |
| 14:19 | Create | Villager (Male) |
| 14:33 | Build | Farm |
| 14:36 | Build | Farm |
| 14:42 | Build | Farm |
| 15:37 | Build | Farm |
| 15:39 | Build | Farm |
| 15:40 | Create | Villager (Male) |
| 15:41 | Create | Villager (Male) |
| 15:42 | Create | Villager (Male) |
| 15:51 | Build | Farm |
| 15:53 | Build | Farm |
| 15:54 | Build | Farm |
| 15:56 | Build | Farm |
| 16:00 | Build | Farm |
| 16:18 | Build | Farm |
| 17:04 | Create | Villager (Male) |
| 17:05 | Create | Villager (Male) |
| 17:07 | Create | Villager (Male) |
| 17:16 | Build | House |
| 17:18 | Build | House |
| 17:21 | Build | House |
| 17:23 | Build | House |
| 17:24 | Build | House |
| 17:59 | Build | Barracks |
| 18:04 | Build | Barracks |
| 18:14 | Research | Feudal Age |
| 18:16 | Create | Villager (Male) |
| 18:27 | Create | Villager (Male) |
| 19:08 | Build | Farm |
| 19:21 | Build | Lumber Camp |
| 19:40 | Build | Lumber Camp |
| 20:03 | Create | Militia ×5 |
| 20:08 | Create | Militia ×5 |
| 20:18 | Create | Villager (Male) |
| 20:29 | Age | Feudal Age |
| 20:46 | Research | Man-at-Arms (upgrade) |
| 20:47 | Research | Arson |
| 20:52 | Create | Militia ×4 |
| 20:53 | Create | Militia ×4 |
| 21:13 | Create | Villager (Male) |
| 21:14 | Create | Villager (Male) |
| 22:07 | Create | Militia ×5 |
| 22:08 | Create | Militia ×5 |
| 22:08 | Create | Militia |
| 22:15 | Build | Market |
| 22:18 | Create | Villager (Male) |
| 22:23 | Create | Militia |
| 22:23 | Create | Militia |
| 22:47 | Build | Blacksmith |
| 22:51 | Research | Double-Bit Axe |
| 22:58 | Build | Farm |
| 22:59 | Build | Farm |
| 23:01 | Build | Farm |
| 23:02 | Build | Farm |
| 23:04 | Build | Farm |
| 23:05 | Build | Farm |
| 23:10 | Create | Villager (Male) |
| 23:23 | Create | Trade Cart |
| 23:28 | Create | Trade Cart |
| 23:28 | Create | Trade Cart |
| 23:42 | Research | Padded Archer Armor |
| 23:43 | Research | Fletching |
| 23:58 | Build | Archery Range |
| 23:59 | Build | Archery Range |
| 24:14 | Research | Wheelbarrow |
| 24:52 | Build | House |
| 24:53 | Build | House |
| 24:54 | Build | House |
| 24:55 | Build | House |
| 24:56 | Build | House |
| 25:16 | Build | Lumber Camp |
| 25:19 | Create | Villager (Male) |
| 25:21 | Create | Villager (Male) |
| 25:33 | Create | Spearman |
| 25:33 | Create | Spearman |
| 25:34 | Create | Spearman |
| 25:56 | Create | Villager (Male) |
| 26:01 | Research | Horse Collar |
| 26:11 | Create | Spearman |
| 26:11 | Create | Spearman |
| 26:12 | Create | Spearman |
| 26:34 | Create | Villager (Male) |
| 26:35 | Create | Villager (Male) |
| 26:48 | Create | Spearman ×5 |
| 26:48 | Create | Spearman ×5 |
| 26:48 | Create | Spearman ×4 |
| 26:48 | Create | Spearman ×4 |
| 27:07 | Create | Villager (Male) |
| 27:07 | Create | Villager (Male) |
| 27:15 | Build | House |
| 27:17 | Build | House |
| 27:18 | Build | House |
| 27:19 | Build | House |
| 27:29 | Research | Town Watch |
| 27:33 | Create | Trade Cart |
| 27:34 | Create | Trade Cart |
| 27:56 | Build | Farm |
| 28:20 | Build | Archery Range |
| 29:10 | Research | Castle Age |
| 29:10 | Research | Castle Age |
| 29:28 | Build | Mining Camp |
| 29:34 | Build | Mining Camp |
| 29:41 | Build | Archery Range |
| 29:57 | Build | Lumber Camp |
| 30:08 | Create | Villager (Male) |
| 30:09 | Create | Villager (Male) |
Build order — Ender
122 actions detected in the replay
| 4:22 | Build | Town Center |
| 4:47 | Build | House |
| 5:26 | Build | House |
| 5:52 | Build | House |
| 6:05 | Build | House |
| 6:27 | Create | Villager (Male) |
| 6:27 | Create | Villager (Male) |
| 6:28 | Create | Villager (Male) |
| 6:28 | Create | Villager (Male) |
| 6:28 | Create | Villager (Male) |
| 6:54 | Build | Mill |
| 8:02 | Create | Villager (Male) |
| 8:02 | Create | Villager (Male) |
| 8:30 | Create | Villager (Male) |
| 8:30 | Create | Villager (Male) |
| 9:14 | Create | Villager (Male) |
| 9:14 | Create | Villager (Male) |
| 9:53 | Create | Villager (Male) |
| 10:08 | Research | Loom |
| 10:49 | Create | Villager (Male) |
| 10:49 | Create | Villager (Male) |
| 10:49 | Create | Villager (Male) |
| 10:50 | Create | Villager (Male) |
| 11:34 | Create | Villager (Male) |
| 11:34 | Create | Villager (Male) |
| 11:34 | Create | Villager (Male) |
| 11:34 | Create | Villager (Male) |
| 12:28 | Build | Lumber Camp |
| 13:32 | Create | Villager (Male) |
| 13:32 | Create | Villager (Male) |
| 15:50 | Research | Feudal Age |
| 15:50 | Research | Feudal Age |
| 16:20 | Build | Pasture |
| 16:48 | Build | Barracks |
| 17:09 | Build | Mining Camp |
| 18:00 | Age | Feudal Age |
| 18:06 | Create | Villager (Male) |
| 18:06 | Create | Villager (Male) |
| 18:06 | Create | Villager (Male) |
| 18:06 | Create | Villager (Male) |
| 18:08 | Create | Villager (Male) |
| 18:16 | Research | Double-Bit Axe |
| 18:45 | Build | Pasture |
| 19:20 | Build | House |
| 19:43 | Build | Barracks |
| 20:10 | Research | Tech 1014 |
| 26:57 | Build | Town Center |
| 29:19 | Build | Mining Camp |
| 32:39 | Build | Town Center |
| 35:44 | Build | Town Center |
| 37:24 | Build | House |
| 37:38 | Create | Villager (Male) |
| 37:38 | Create | Villager (Male) |
| 37:38 | Create | Villager (Male) |
| 37:39 | Create | Villager (Male) |
| 37:39 | Create | Villager (Male) |
| 37:39 | Create | Villager (Male) |
| 38:05 | Build | House |
| 38:15 | Build | Pasture |
| 38:38 | Build | House |
| 38:58 | Build | Pasture |
| 39:09 | Build | House |
| 39:46 | Build | House |
| 39:56 | Build | Pasture |
| 40:09 | Create | Villager (Male) |
| 40:09 | Create | Villager (Male) |
| 40:26 | Build | Blacksmith |
| 40:41 | Build | Mill |
| 41:29 | Build | Barracks |
| 41:40 | Create | Villager (Male) |
| 41:40 | Create | Villager (Male) |
| 42:28 | Build | Pasture |
| 42:43 | Build | Barracks |
| 43:26 | Create | Villager (Male) |
| 43:26 | Create | Villager (Male) |
| 43:26 | Create | Villager (Male) |
| 43:26 | Create | Villager (Male) |
| 43:54 | Build | Barracks |
| 44:27 | Build | Pasture |
| 44:50 | Create | Villager (Male) |
| 45:00 | Build | Barracks |
| 45:14 | Research | Wheelbarrow |
| 45:40 | Build | Pasture |
| 46:03 | Build | House |
| 47:04 | Build | Stable |
| 47:11 | Create | Villager (Male) |
| 47:11 | Create | Villager (Male) |
| 47:41 | Build | Mining Camp |
| 48:03 | Research | Castle Age |
| 48:17 | Build | House |
| 48:35 | Build | House |
| 49:01 | Build | House |
| 49:29 | Build | House |
| 49:51 | Research | Gold Mining |
| 49:52 | Research | Stone Mining |
| 50:17 | Build | Lumber Camp |
| 50:43 | Age | Castle Age |
| 50:54 | Create | Fire Lancer |
| 50:54 | Create | Fire Lancer |
| 50:54 | Create | Fire Lancer |
| 50:54 | Create | Fire Lancer |
| 50:55 | Create | Fire Lancer |
| 50:55 | Create | Fire Lancer |
| 51:00 | Create | Villager (Male) |
| 51:00 | Create | Villager (Male) |
| 51:00 | Create | Villager (Male) |
| 51:00 | Create | Villager (Male) |
| 51:01 | Create | Villager (Male) |
| 51:01 | Create | Villager (Male) |
| 51:21 | Build | Pasture |
| 51:39 | Research | Squires |
| 51:41 | Research | Arson |
| 52:52 | Create | Villager (Male) |
| 52:52 | Create | Villager (Male) |
| 52:53 | Create | Villager (Male) |
| 52:53 | Create | Villager (Male) |
| 53:26 | Create | Fire Lancer |
| 53:27 | Create | Fire Lancer |
| 53:27 | Create | Fire Lancer |
| 53:28 | Create | Fire Lancer |
| 53:28 | Create | Fire Lancer |
| 53:41 | Build | Mining Camp |
Build order — 我不会玩4+2
First 150 of 270 actions detected
| 1:01 | Build | Town Center |
| 3:15 | Create | Villager (Male) |
| 3:16 | Create | Villager (Male) |
| 3:16 | Create | Villager (Male) |
| 3:16 | Create | Villager (Male) |
| 3:22 | Build | House |
| 3:23 | Build | House |
| 3:25 | Build | House |
| 4:24 | Research | Loom |
| 4:25 | Research | Loom |
| 4:49 | Build | Lumber Camp |
| 5:02 | Create | Villager (Male) |
| 5:51 | Create | Villager (Male) |
| 5:51 | Create | Villager (Male) |
| 5:52 | Create | Villager (Male) |
| 6:18 | Create | Villager (Male) |
| 6:59 | Create | Villager (Male) |
| 7:46 | Create | Villager (Male) |
| 7:46 | Create | Villager (Male) |
| 8:24 | Create | Villager (Male) |
| 8:24 | Create | Villager (Male) |
| 8:24 | Create | Villager (Male) |
| 8:37 | Build | Mill |
| 9:26 | Create | Villager (Male) |
| 9:27 | Create | Villager (Male) |
| 11:14 | Research | Feudal Age |
| 11:14 | Research | Feudal Age |
| 11:24 | Research | Double-Bit Axe |
| 11:24 | Research | Double-Bit Axe |
| 12:13 | Build | House |
| 12:15 | Build | House |
| 12:16 | Build | House |
| 12:17 | Build | House |
| 12:53 | Research | Horse Collar |
| 12:53 | Research | Horse Collar |
| 12:53 | Research | Horse Collar |
| 13:02 | Create | Villager (Male) |
| 13:02 | Create | Villager (Male) |
| 13:24 | Age | Feudal Age |
| 13:25 | Research | Bow Saw |
| 13:26 | Research | Bow Saw |
| 13:33 | Research | Heavy Plow |
| 13:33 | Research | Heavy Plow |
| 13:55 | Create | Villager (Male) |
| 14:19 | Build | Mining Camp |
| 14:37 | Build | House |
| 14:38 | Build | House |
| 14:42 | Create | Villager (Male) |
| 14:42 | Create | Villager (Male) |
| 15:26 | Build | Blacksmith |
| 15:43 | Create | Villager (Male) |
| 15:43 | Create | Villager (Male) |
| 16:03 | Build | Mill |
| 16:12 | Create | Villager (Male) |
| 16:12 | Create | Villager (Male) |
| 17:07 | Build | Barracks |
| 17:24 | Build | Farm |
| 17:29 | Build | Farm |
| 17:31 | Build | Farm |
| 17:37 | Build | Farm |
| 17:49 | Build | Mill |
| 18:01 | Create | Villager (Male) |
| 18:02 | Create | Villager (Male) |
| 18:18 | Build | Stable |
| 18:34 | Build | Farm |
| 18:36 | Build | Farm |
| 18:37 | Build | Farm |
| 19:00 | Build | Farm |
| 19:05 | Build | Farm |
| 19:19 | Build | Farm |
| 19:35 | Create | Villager (Male) |
| 19:36 | Create | Villager (Male) |
| 20:03 | Build | Farm |
| 20:08 | Build | Farm |
| 20:18 | Build | Farm |
| 20:21 | Build | Mill |
| 20:26 | Build | Farm |
| 20:53 | Research | Castle Age |
| 20:53 | Research | Castle Age |
| 20:53 | Research | Castle Age |
| 21:09 | Build | Mining Camp |
| 21:41 | Research | Stone Mining |
| 21:41 | Research | Stone Mining |
| 23:11 | Build | Stable |
| 23:20 | Create | Villager (Male) |
| 23:20 | Create | Villager (Male) |
| 23:33 | Age | Castle Age |
| 23:36 | Create | Knight |
| 23:37 | Create | Knight |
| 23:42 | Create | Villager (Male) |
| 23:51 | Research | Stone Shaft Mining |
| 24:26 | Build | Mining Camp |
| 24:30 | Create | Knight |
| 24:40 | Create | Villager (Male) |
| 24:40 | Create | Villager (Male) |
| 25:08 | Build | Castle |
| 25:18 | Create | Villager (Male) |
| 25:19 | Create | Villager (Male) |
| 25:36 | Build | Town Center |
| 25:41 | Create | Villager (Male) |
| 25:41 | Create | Villager (Male) |
| 26:05 | Build | Town Center |
| 26:13 | Research | Gold Mining |
| 26:13 | Research | Gold Mining |
| 26:35 | Create | Knight |
| 26:35 | Create | Knight |
| 27:36 | Create | Villager (Male) |
| 27:36 | Create | Villager (Male) |
| 27:37 | Create | Villager (Male) |
| 28:36 | Create | Villager (Male) |
| 28:36 | Create | Villager (Male) |
| 28:37 | Create | Villager (Male) |
| 28:37 | Create | Villager (Male) |
| 28:42 | Create | Villager (Male) |
| 28:42 | Create | Villager (Male) |
| 28:43 | Create | Villager (Male) |
| 28:43 | Create | Villager (Male) |
| 29:04 | Create | Villager (Male) |
| 29:04 | Create | Villager (Male) |
| 29:10 | Create | Villager (Male) |
| 29:10 | Create | Villager (Male) |
| 29:11 | Create | Villager (Male) |
| 29:11 | Create | Villager (Male) |
| 29:31 | Build | Castle |
| 29:39 | Research | Gold Shaft Mining |
| 29:40 | Research | Gold Shaft Mining |
| 29:44 | Research | Crop Rotation |
| 29:44 | Research | Crop Rotation |
| 29:49 | Research | Two-Man Saw |
| 29:49 | Research | Two-Man Saw |
| 29:57 | Create | Villager (Male) |
| 29:57 | Create | Villager (Male) |
| 30:20 | Build | Mining Camp |
| 30:41 | Build | Stone Wall |
| 30:41 | Build | Stone Wall |
| 31:09 | Create | Villager (Male) |
| 31:09 | Create | Villager (Male) |
| 31:09 | Create | Villager (Male) |
| 31:10 | Create | Villager (Male) |
| 31:46 | Build | Farm |
| 31:47 | Build | Farm |
| 31:50 | Build | Farm |
| 31:53 | Build | Farm |
| 31:59 | Build | Farm |
| 32:01 | Build | Farm |
| 32:15 | Create | Villager (Male) |
| 32:16 | Create | Villager (Male) |
| 32:16 | Create | Villager (Male) |
| 32:16 | Create | Villager (Male) |
| 32:16 | Create | Villager (Male) |
Build order — yunusseckn
First 150 of 293 actions detected
| 1:09 | Build | Lumber Camp |
| 1:20 | Build | Town Center |
| 1:35 | Build | House |
| 3:17 | Research | Loom |
| 3:18 | Create | Villager (Male) |
| 3:18 | Create | Villager (Male) |
| 3:19 | Create | Villager (Male) |
| 3:19 | Create | Villager (Male) |
| 3:19 | Create | Villager (Male) |
| 3:20 | Create | Villager (Male) |
| 4:24 | Create | Villager (Male) |
| 4:37 | Build | House |
| 5:15 | Build | House |
| 5:24 | Create | Villager (Male) |
| 5:54 | Create | Villager (Male) |
| 6:20 | Create | Villager (Male) |
| 6:20 | Create | Villager (Male) |
| 6:50 | Create | Villager (Male) |
| 7:04 | Create | Villager (Male) |
| 7:35 | Create | Villager (Male) |
| 8:28 | Create | Villager (Male) |
| 8:28 | Create | Villager (Male) |
| 8:28 | Create | Villager (Male) |
| 8:29 | Create | Villager (Male) |
| 8:29 | Create | Villager (Male) |
| 9:35 | Build | Mill |
| 9:40 | Create | Villager (Male) |
| 9:48 | Build | House |
| 10:44 | Research | Feudal Age |
| 12:04 | Build | Barracks |
| 12:10 | Build | House |
| 12:54 | Age | Feudal Age |
| 13:00 | Research | Town Watch |
| 13:11 | Build | Farm |
| 13:12 | Build | Farm |
| 13:17 | Create | Villager (Male) |
| 13:17 | Create | Villager (Male) |
| 13:18 | Create | Villager (Male) |
| 13:23 | Create | Spearman |
| 14:01 | Build | Mining Camp |
| 14:17 | Create | Villager (Male) |
| 14:17 | Create | Villager (Male) |
| 15:26 | Create | Spearman |
| 15:26 | Create | Spearman |
| 15:51 | Build | Stable |
| 16:12 | Build | House |
| 16:46 | Build | House |
| 16:52 | Create | Scout Cavalry |
| 17:01 | Create | Villager (Male) |
| 17:01 | Create | Villager (Male) |
| 17:01 | Create | Villager (Male) |
| 17:43 | Build | Blacksmith |
| 18:02 | Research | Castle Age |
| 18:27 | Build | Farm |
| 18:36 | Build | Farm |
| 19:57 | Create | Scout Cavalry |
| 19:57 | Create | Scout Cavalry |
| 20:04 | Create | Spearman |
| 20:04 | Create | Spearman |
| 20:56 | Age | Castle Age |
| 20:59 | Create | Villager (Male) |
| 21:00 | Create | Villager (Male) |
| 21:00 | Create | Villager (Male) |
| 21:45 | Build | Castle |
| 22:12 | Create | Villager (Male) |
| 22:12 | Create | Villager (Male) |
| 22:12 | Create | Villager (Male) |
| 22:13 | Create | Villager (Male) |
| 23:00 | Build | Lumber Camp |
| 23:28 | Create | Ghulam |
| 23:29 | Create | Ghulam |
| 23:29 | Create | Ghulam |
| 23:29 | Create | Ghulam |
| 23:29 | Create | Ghulam |
| 23:30 | Create | Ghulam |
| 23:30 | Create | Ghulam |
| 24:06 | Research | Double-Bit Axe |
| 24:24 | Create | Villager (Male) |
| 24:25 | Create | Villager (Male) |
| 24:25 | Create | Villager (Male) |
| 24:35 | Build | Farm |
| 24:36 | Build | Farm |
| 24:44 | Build | Farm |
| 24:45 | Build | Farm |
| 25:10 | Create | Ghulam |
| 25:11 | Create | Ghulam |
| 25:11 | Create | Ghulam |
| 25:11 | Create | Ghulam |
| 25:23 | Build | Siege Workshop |
| 25:27 | Research | Gold Mining |
| 27:24 | Build | House |
| 27:26 | Build | House |
| 27:34 | Create | Armored Elephant |
| 28:24 | Build | Monastery |
| 28:39 | Research | Stone Mining |
| 28:44 | Research | Horse Collar |
| 28:58 | Build | Farm |
| 29:01 | Build | Farm |
| 29:02 | Build | Farm |
| 29:03 | Build | Farm |
| 29:04 | Build | Farm |
| 29:06 | Build | Farm |
| 29:09 | Create | Villager (Male) |
| 29:09 | Create | Villager (Male) |
| 29:09 | Create | Villager (Male) |
| 29:09 | Create | Villager (Male) |
| 29:17 | Create | Monk |
| 30:02 | Build | Market |
| 30:33 | Build | Town Center |
| 31:31 | Build | Farm |
| 31:35 | Build | Farm |
| 31:44 | Build | Farm |
| 31:50 | Build | Farm |
| 31:56 | Build | Farm |
| 32:04 | Build | Farm |
| 32:36 | Research | Imperial Age |
| 32:37 | Research | Imperial Age |
| 32:37 | Research | Imperial Age |
| 32:47 | Create | Spearman |
| 32:48 | Create | Spearman |
| 32:48 | Create | Spearman |
| 33:00 | Build | Farm |
| 33:02 | Build | Farm |
| 33:04 | Create | Villager (Male) |
| 33:05 | Create | Villager (Male) |
| 33:05 | Create | Villager (Male) |
| 33:13 | Build | Farm |
| 33:31 | Research | Pikeman (upgrade) |
| 34:08 | Build | Town Center |
| 34:19 | Create | Villager (Male) |
| 34:19 | Create | Villager (Male) |
| 34:20 | Create | Villager (Male) |
| 34:26 | Research | Bow Saw |
| 35:13 | Build | House |
| 35:17 | Build | House |
| 35:34 | Create | Spearman |
| 35:34 | Create | Spearman |
| 35:46 | Age | Imperial Age |
| 35:54 | Create | Trebuchet (Packed) |
| 36:01 | Research | Town Patrol |
| 36:18 | Research | Wheelbarrow |
| 36:26 | Create | Spearman |
| 36:27 | Create | Spearman |
| 36:27 | Create | Spearman |
| 36:27 | Create | Spearman |
| 36:43 | Create | Villager (Male) |
| 36:43 | Create | Villager (Male) |
| 37:11 | Create | Ghulam |
| 37:11 | Create | Ghulam |
| 37:11 | Create | Ghulam |
Match timeline
| 9:39 | Téton Man · first_building Barracks |
| 12:04 | yunusseckn · first_building Barracks |
| 12:54 | yunusseckn · age_up feudal |
| 13:24 | 我不会玩4+2 · age_up feudal |
| 13:28 | zw701 · first_building Barracks |
| 15:51 | yunusseckn · first_building Stable |
| 16:48 | Ender · first_building Barracks |
| 17:07 | 我不会玩4+2 · first_building Barracks |
| 18:00 | Ender · age_up feudal |
| 18:12 | zw701 · age_up feudal |
| 18:18 | 我不会玩4+2 · first_building Stable |
| 18:25 | zw701 · first_building Stable |
| 18:27 | frizboum · wall_segment Stone Wall x16 |
| 18:33 | frizboum · wall_segment Stone Wall x4 |
| 19:05 | frizboum · first_building Barracks |
| 20:07 | frizboum · first_market_sell 100 wood |
| 20:10 | frizboum · first_market_buy 100 food |
| 20:29 | Téton Man · age_up feudal |
| 20:42 | frizboum · first_building Stable |
| 20:56 | yunusseckn · age_up castle |
| 21:45 | yunusseckn · first_building Castle |
| 22:08 | frizboum · wall_segment Stone Wall x1 |
| 23:27 | Téton Man · first_market_buy 100 food |
| 23:33 | 我不会玩4+2 · age_up castle |
| 23:58 | Téton Man · first_building Archery Range |
| 25:08 | 我不会玩4+2 · first_building Castle |
| 25:23 | yunusseckn · first_building Siege Workshop |
| 26:40 | zw701 · age_up castle |
| 28:24 | yunusseckn · first_building Monastery |
| 28:58 | Téton Man · first_market_sell 100 wood |
| 29:07 | zw701 · first_building Monastery |
| 29:09 | frizboum · first_building Castle |
| 30:41 | 我不会玩4+2 · wall_segment Stone Wall x8 |
| 30:41 | 我不会玩4+2 · wall_segment Stone Wall x1 |
| 31:50 | Téton Man · age_up castle |
| 32:13 | Téton Man · first_building Castle |
| 32:17 | yunusseckn · first_market_buy 100 food |
| 33:20 | zw701 · first_market_sell 100 stone |
| 33:39 | 我不会玩4+2 · wall_segment Stone Wall x11 |
| 34:11 | frizboum · first_building Monastery |
| 35:46 | yunusseckn · age_up imperial |
| 36:36 | frizboum · first_building Siege Workshop |
| 36:38 | zw701 · wall_segment Stone Wall x17 |
| 36:49 | zw701 · wall_segment Stone Wall x20 |
| 36:52 | zw701 · age_up imperial |
| 37:44 | zw701 · wall_segment Stone Wall x3 |
| 37:57 | zw701 · wall_segment Stone Wall x7 |
| 39:14 | zw701 · first_building Castle |
| 42:47 | 我不会玩4+2 · resign |
| 46:25 | yunusseckn · first_market_sell 100 wood |
| 46:34 | Téton Man · age_up imperial |
| 47:04 | Ender · first_building Stable |
| 47:38 | yunusseckn · first_building Archery Range |
| 50:43 | Ender · age_up castle |
[ AI ANALYSIS · 1 CREDIT ]
What really happened in this match?
Wolo.gg analyzes every decision: build order, eco, micro, common mistakes by bracket. Personalized analysis on WhatsApp or Discord in 30 seconds.
Civ guide
Byzantines
Map guide
African Clearing
Perfil
frizboum